 Dungeon Crawl Stone Soup version 0.22-a0-605-g9281fa2 (webtiles) character file.

7 Amnesiac the Magician (level 1, -1/12 HPs)
             Began as a Deep Elf Transmuter on July 8, 2018.
             Slain by a hobgoblin
             ... wielding a +0 club
              (4 damage)
             ... on level 1 of the Dungeon.
             The game lasted 00:00:41 (551 turns).

Amnesiac the Magician (Deep Elf Transmuter)          Turns: 551, Time: 00:00:42

Health: -1/12      AC:  2    Str:  7    XL:     1   Next: 91%
Magic:  5/6        EV: 13    Int: 17    God:
Gold:   11         SH:  0    Dex: 15    Spells: 5/6 levels left

rFire    . . .     SeeInvis .     - Unarmed
rCold    . . .     Gourm    .   (no shield)
rNeg     . . .     Faith    .   b - +0 robe
rPois    .         Spirit   .   (no helmet)
rElec    .         Reflect  .   (no cloak)
rCorr    .         Harm     .   (no gloves)
MR       .....                  (boots currently unavailable)
Stlth    +.........             (no amulet)
HPRegen  0.04/turn              (no ring)
MPRegen  0.10/turn              (no ring)

@: appendage
A: talons 3
a: End Transformation


You were on level 1 of the Dungeon.
You were not hungry.
You had grown temporary talons.
You visited 1 branch of the dungeon, and saw 2 of its levels.

You collected 11 gold pieces.

Inventory:

Missiles
 a - 37 arrows
Armour
 b - a +0 robe (worn)
 f - a +0 buckler
Potions
 e - a potion of ambrosia {!q, unknown}
Comestibles
 c - 4 chunks of flesh
 d - 2 rations


   Skills:
 - Level 1.0 Fighting
 - Level 2.4 Dodging
 - Level 2.4 Unarmed Combat
 - Level 3.0 Spellcasting
 + Level 2.9 Transmutations


You had 5 spell levels left.
You knew the following spells:

 Your Spells              Type           Power        Failure   Level  Hunger
e - Beastly Appendage     Tmut           ##....       5%          1    None

Your spell library contained the following spells:

 Spells                   Type           Power        Failure   Level  Hunger
 Spider Form              Tmut/Pois      #.........   28%         3    ###....
 Blade Hands              Tmut           ##........   83%         5    ######.
 Ice Form                 Ice/Tmut       #.......     67%         4    ####...
 Sticks to Snakes         Tmut           ##......     9%          2    ##.....


Dungeon Overview and Level Annotations

Branches:
Dungeon (2/15)

Altars:


Innate Abilities, Weirdness & Mutations

You have claws for feet.


Message History

The slug dart hits you!
* * * LOW HITPOINT WARNING * * *
You hit the dart slug but do no damage.
You kill the dart slug!
A hobgoblin comes into view. It is wielding a club.
A hobgoblin is nearby!
A hobgoblin is nearby!
You start resting.
Magic restored.
You start resting.
Your transformation is almost over.
You start resting.
Your talons disappear.
You start resting.
Some of the chunks of flesh in your inventory have rotted away.
All of the chunks of flesh in your inventory have rotted away.
HP restored.
You start resting.
HP restored.
The hobgoblin is too close now for your liking.
A hobgoblin is nearby!
The hobgoblin shouts!
A hobgoblin comes into view. It is wielding a club.
Unknown command.
Casting: Beastly Appendage (safe; 5% risk of failure)
Confirm with . or Enter, or press ? or * to list all spells.
Your feet morph into talons.
The hobgoblin barely misses you.
You hit the hobgoblin but do no damage. The hobgoblin hits you with a club.
You closely miss the hobgoblin.
You claw the hobgoblin, but do no damage.
The hobgoblin hits you but does no damage.
You closely miss the hobgoblin. The hobgoblin barely misses you.
You hit the hobgoblin.
The hobgoblin is severely wounded.
You closely miss the hobgoblin.
The hobgoblin is severely wounded.
The hobgoblin hits you with a club.
* * * LOW HITPOINT WARNING * * *
You hit the hobgoblin.
You kill the hobgoblin!
No target in view!
Your transformation is almost over.
Things that are here:
a club; a hobgoblin corpse You butcher the hobgoblin corpse.
c - 4 chunks of flesh You see here a club.
You start resting.
Your talons disappear.
You start resting.
You start resting.
The hobgoblin is too close now for your liking.
Casting: Beastly Appendage (safe; 5% risk of failure)
Confirm with . or Enter, or press ? or * to list all spells.
Your feet morph into talons.
You see here a club.
You closely miss the hobgoblin. You claw the hobgoblin.
The hobgoblin is heavily wounded.
The hobgoblin hits you with a club.
* * * LOW HITPOINT WARNING * * *
You hit the hobgoblin but do no damage.
The hobgoblin is heavily wounded.
The hobgoblin hits you with a club.
You die...

#.......................#.......
.#####.###.##########.####.####.
#+#####.# #.# #.#≈≈≈.≈≈≈#.
........###.###### #.+.≈≈≈≈≈.+.
.................# ###≈.....≈##
.......####.####.# #≈≈.<.≈≈#
##+##### #.# #.# ###≈.....≈##
#.# #.# #.+.≈§§≈§)+. . #.# #@#
#.#≈≈≈§§§§#. .g.. #.# #g#
#.####.####.
.....#+####.#####.#.........
............................
#####.......######..........
#.......# #..[....... #.......#
#.......... #.......#
########### #!......#


You could see a hobgoblin.

Vanquished Creatures
  A dart slug (D:1)
  2 bats (D:1)
  2 hobgoblins (D:1)
5 creatures vanquished.

Notes
Turn   | Place    | Note
-------+----------+-------------------------------------------
     0 | D:1      | Amnesiac the Deep Elf Transmuter began the quest for the Orb.
     0 | D:1      | Reached XP level 1. HP: 11/11 MP: 6/6
     6 | D:1      | Reached skill level 1 in Fighting
   551 | D:1      | Slain by a hobgoblin

Vault maps used:
D:1:      ncdulo_lavacross, minivault_11
D:2:      grunt_temple_overflow_gold_and_silver, ashenzari_altar_1, uniq_terence

Skill      XL: |  1 |
---------------+----+-----
Fighting       | 1 |  1.0
Dodging        | |  2.4
Unarmed Combat | |  2.4
Spellcasting   | |  3.0
Transmutations | |  2.9

Action                   || total
-------------------------++-------
Melee: Unarmed           ||    24
       Kick              ||     5
       Headbutt          ||     1
 Cast: Beastly Appendage ||     6
Armor: Robe              ||     9
Dodge: Dodged            ||    19

Table legend:
 A = Spawn XP
 B = Non-spawn XP
 C = Spawn XP percentage of total XP
 D = Spawn monster count
 E = Non-spawn monster count
 F = Spawn count percentage of total count
 G = Total turns spent on level
                    A         B        C        D         E        F      G
               +---------+---------+-------+---------+---------+-------+---------
         Total |       0 |      11 |   0.0 |       0 |       5 |   0.0 |   551
               +---------+---------+-------+---------+---------+-------+---------
           D:1 |       0 |      11 |   0.0 |       0 |       5 |   0.0 |   549
               +---------+---------+-------+---------+---------+-------+---------
